 Dungeon Crawl Stone Soup version 0.28-a0-1616-g050a50673c (webtiles) character file.

Game seed: 14050174779678474867

1071 Peloso the Carver (level 8, -5/70 HPs)
             Began as a Minotaur Fighter on Jan 22, 2022.
             Was an Initiate of Okawaru.
             Killed by divine providence
             ... invoked by an orc priest
              (11 damage)
             ... on level 6 of the Dungeon.
             The game lasted 00:07:13 (5649 turns).

Peloso the Carver (Minotaur Fighter)                Turns: 5649, Time: 00:07:14

Health: -5/70      AC: 12    Str: 21    XL:     8   Next: 7%
Magic:  7/7        EV:  6    Int:  7    God:    Okawaru [......]
Gold:   301        SH:  5    Dex: 12    Spells: 7/7 levels left

rFire   . . .      SeeInvis .   a - +0 long sword
rCold   . . .      Faith    .   c - +0 buckler
rNeg    . . .      Spirit   .   p - +0 plate armour
rPois   .          Reflect  .   (helmet restricted)
rElec   .          Harm     .   (no cloak)
rCorr   .          Rampage  .   (no gloves)
Will    .....      Rnd*Tele +   (no boots)
Stlth   ..........              (no amulet)
HPRegen 0.21/turn               (no ring)
MPRegen 0.10/turn               (no ring)

@: mighty
A: horns 2, retaliatory headbutt, clever 1, screaming 1, teleportitis 1
a: Renounce Religion


You were on level 6 of the Dungeon.
You worshipped Okawaru.
Okawaru was noncommittal.
You visited 2 branches of the dungeon, and saw 7 of its levels.

You collected 301 gold pieces.

Inventory:

Hand Weapons
 a - a +0 long sword (weapon)
Armour
 b - a +0 scale mail
 c - a +0 buckler (worn)
 p - a +0 plate armour (worn)
Jewellery
 l - an amulet of faith
 x - a ring of ice
Wands
 d - a wand of mindburst (24)
Scrolls
 e - 2 scrolls of immolation {unknown}
 f - 2 scrolls of vulnerability {unknown}
 i - 2 scrolls of blinking {unknown}
 j - a scroll of magic mapping {unknown}
 m - a scroll of noise {unknown}
 o - a scroll of fog {unknown}
 q - a scroll of amnesia {unknown}
 s - 4 scrolls of identify {unknown}
 t - 2 scrolls of teleportation {unknown}
 v - a scroll of enchant weapon {unknown}
 w - a scroll of fear {unknown}
Potions
 h - a potion of mutation
 k - a potion of cancellation {unknown}
 n - a potion of attraction {unknown}
 r - a potion of lignification {unknown}
 u - a potion of ambrosia {unknown}


   Skills:
 + Level 5.9 Fighting
 + Level 8.5 Long Blades
 + Level 6.2 Armour
 + Level 0.5 Dodging
 + Level 0.2 Stealth
 + Level 4.7 Shields
 + Level 0.2 Evocations


You had 7 spell levels left.
You didn't know any spells.
Your spell library contained the following spells:

 Spells                   Type           Power      Damage    Failure   Level
 Freeze                   Ice            0%         1d3       100%        1
 Slow                     Hex            0%         N/A       100%        1
 Confusing Touch          Hex            0%         N/A       100%        3
 Frozen Ramparts          Ice            0%         1d2       100%        3
 Vampiric Draining        Necr           0%         2d6       100%        3
 Hailstorm                Conj/Ice       0%         3d3       100%        4


Dungeon Overview and Level Annotations

Branches:
Dungeon (6/15)             Temple (1/1) D:5

Altars:
Ashenzari
Cheibriados
Fedhas
Hepliaklqana
Kikubaaqudgha
Makhleb
Nemelex Xobeh
Okawaru
Qazlal
Sif Muna
Wu Jian
Xom
Zin

Shops:
D:3 *

Annotations:
D:5 3 runed translucent doors, Tagedieb's ghost, amateur VSEn


Innate Abilities, Weirdness & Mutations

You have a pair of horns on your head.
You reflexively headbutt those who attack you in melee.
Your mind is acute. (Int +2)
You occasionally shout uncontrollably at your foes.
You are occasionally teleported next to monsters.


Message History

The orc hits you but does no damage.
You closely miss the orc. The orc hits you but does no damage.
You slash the orc!
You kill the orc!
Okawaru accepts your kill.
The orc priest mumbles some strange prayers to Beogh against you.
Beogh smites you!
The orc warrior hits you with a +0 scimitar.
* * * LOW HITPOINT WARNING * * *
You hit the orc warrior but do no damage.
The orc priest invokes the aid of Beogh against you.
Beogh smites you!
* * * LOW HITPOINT WARNING * * *
The orc warrior barely misses you.
Unknown command.
You hit the orc warrior but do no damage.
Your headbutt misses the orc warrior. You closely miss the orc warrior.
Your headbutt misses the orc warrior. You block the orc warrior's attack.
Unknown command.
It was a potion of mutation.
You feel extremely strange.
You feel the urge to shout.
You feel weirdly uncertain.
You feel clever.
The orc warrior hits you but does no damage.
You barely miss the orc warrior. You headbutt the orc warrior!
The orc warrior is heavily wounded.
The orc warrior hits you but does no damage.
You barely miss the orc warrior.
The orc warrior is heavily wounded.
The orc priest calls upon Beogh to heal the orc warrior.
The orc warrior is healed somewhat.
You barely miss the orc warrior. Your headbutt misses the orc warrior.
The orc warrior is moderately wounded.
The orc warrior barely misses you. You furiously retaliate!
You headbutt the orc warrior! You slash the orc warrior!
You kill the orc warrior!
Okawaru accepts your kill.
The orc priest invokes the aid of Beogh against you.
Beogh smites you!
You die...

# #. ### #.### #.# ##
#.@####.# #[
###)o##.####.# ## .
##oo....#..##. .
##...###....#
..####....# #...#
..........# #...####
........(#####.......
..###...###........#
. #........†..#


You could see an orc priest and 2 orcs.

Vanquished Creatures
  A water moccasin (D:5)
  An orc warrior (D:6)
  4 ogres
  Blork the orc (D:5)
  A scorpion (D:4)
  A howler monkey (D:5)
  2 bullfrog skeletons (D:5)
  A jelly (D:4)
  3 hounds
  An iguana (D:4)
  An orc wizard (D:3)
  Ijyb (D:4)
  A hound skeleton (D:4)
  5 adders
  6 gnolls
  A dart slug (D:3)
  9 orcs
  8 ball pythons
  3 bats
  5 endoplasms
  2 giant cockroaches
  10 goblins
  7 hobgoblins
  14 jackals
  7 kobolds
  2 quokkas
  4 frilled lizards
  5 rats
107 creatures vanquished.

Vanquished Creatures (others)
  2 fungi (D:5)
  2 plants (D:5)
4 creatures vanquished.

Grand Total: 111 creatures vanquished

Notes
Turn   | Place    | Note
-------+----------+-------------------------------------------
     0 | D:1      | Peloso the Minotaur Fighter began the quest for the Orb.
     0 | D:1      | Reached XP level 1. HP: 19/19 MP: 0/0
    43 | D:1      | Reached XP level 2. HP: 18/27 MP: 1/1
   422 | D:1      | Noticed a golden eye
   426 | D:1      | Found a faded altar of an unknown god.
   432 | D:1      | Noticed a golden eye
   448 | D:1      | Noticed a floating eye
   453 | D:1      | Noticed a floating eye
   478 | D:1      | Reached XP level 3. HP: 33/33 MP: 2/2
   487 | D:1      | Reached skill level 3 in Long Blades
  1010 | D:2      | Found a shimmering altar of Xom.
  1428 | D:2      | Identified the +10 dagger of the Endless Expanse {speed,
                  | rF+ Will+ MP+9 Str-5}
  1708 | D:3      | Reached XP level 4. HP: 41/41 MP: 3/3
  1949 | D:3      | HP: 2/41 [gnoll (1)]
  1953 | D:3      | Reached skill level 4 in Long Blades
  1954 | D:3      | HP: 2/41 [gnoll (6)]
  2286 | D:3      | Found Wixku's Assorted Antiques.
  2348 | D:3      | Reached XP level 5. HP: 44/47 MP: 4/4
  2669 | D:4      | Reached skill level 5 in Fighting
  2953 | D:4      | Noticed an ogre
  2959 | D:4      | Killed an ogre
  2960 | D:4      | Reached skill level 5 in Long Blades
  2960 | D:4      | Reached skill level 5 in Armour
  2960 | D:4      | Reached XP level 6. HP: 31/56 MP: 5/5
  3152 | D:4      | Noticed Ijyb
  3169 | D:4      | Killed Ijyb
  3369 | D:4      | Reached skill level 6 in Long Blades
  3720 | D:4      | Reached XP level 7. HP: 61/61 MP: 6/6
  3812 | D:5      | Entered Level 5 of the Dungeon
  3897 | D:5      | Reached skill level 7 in Long Blades
  4366 | D:5      | Found a staircase to the Ecumenical Temple.
  4521 | D:5      | Found a runed translucent gate.
  4523 | D:5      | Found a runed translucent gate.
  4524 | D:5      | Found a runed translucent gate.
  4527 | D:5      | Noticed Tagedieb's ghost (amateur VSEn)
  4650 | D:5      | Noticed Blork the orc
  4662 | D:5      | Killed Blork the orc
  4663 | D:5      | Reached skill level 8 in Long Blades
  5190 | Temple   | Entered the Ecumenical Temple
  5374 | Temple   | Became a worshipper of Warmaster Okawaru
  5441 | D:6      | Reached XP level 8. HP: 47/70 MP: 7/7
  5645 | D:6      | Gained mutation: You occasionally shout uncontrollably at
                  | your foes. [potion of mutation]
  5645 | D:6      | Gained mutation: You are occasionally teleported next to
                  | monsters. [potion of mutation]
  5645 | D:6      | Gained mutation: Your mind is acute. (Int +2) [potion of
                  | mutation]
  5649 | D:6      | Killed from afar by an orc priest

Illustrated notes

Levels and vault maps discovered:
D:1:      moated_graveyard_arrival, layout_rooms,
          hellmonk_ecumenical_altar_watching_god, minmay_box_of_dots
D:2:      layout_loops_cross, basic_altar, guppyfry_early_orc_mine
D:3:      layout_basic, serial_shops, shop
D:4:      minmay_chambers_of_fours, layout_loops_ring, fountainhead, uniq_ijyb
D:5:      layout_basic, minmay_temple_entry_crystal_x,
          gammafunk_ghost_nasty_kobolds, minmay_misc_feat_ornament,
          uniq_blork_the_orc
D:6:      layout_layer_cave, kennysheep_little_box, roderic_batcave,
          minmay_splitting_lines
Temple:   mainiacjoe_temple_trianglar_array

Skill      XL: |  1  2  3  4  5  6  7 |
---------------+----------------------+-----
Fighting       | 4 5 |  5.9
Armour         | 4 5 6 |  6.2
Long Blades    | 3 4 5 6 8 |  8.5
Shields        | 4 |  4.7
Dodging        | |  0.5
Stealth        | |  0.2
Evocations     | |  0.2

Action                   |  1- 3 |  4- 6 |  7- 9 || total
-------------------------+-------+-------+-------++-------
Melee: Long sword        |    98 |   126 |    74 ||   298
       Headbutt          |    10 |    15 |    16 ||    41
Evoke: Wand              |       |     2 |       ||     2
  Use: Potion            |       |     2 |     3 ||     5
Armor: Scale mail        |    55 |     2 |       ||    57
       Plate armour      |       |    82 |    35 ||   117
Dodge: Dodged            |    49 |    46 |    19 ||   114
Block: Buckler           |    20 |    28 |    16 ||    64

Table legend: (Time is in decaauts)
 A = Elapsed time spent in this place.
 B = Non-inter-level travel time spent in this place.
 C = Inter-level travel time spent in this place.
 D = Time resting spent in this place.
 E = Time spent auto-exploring this place.
 F = Levels seen in this place.
 G = Mean time per level.
                   A        B        C        D        E       F      G
               +--------+--------+--------+--------+--------+-----+--------+
         Total |   5707 |   5420 |    287 |      0 |   4502 |   7 |  815.3 |
       Dungeon |   5503 |   5235 |    268 |      0 |   4326 |   6 |  917.2 |
        Temple |    203 |    185 |     18 |      0 |    176 |   1 |  203.0 |
               +--------+--------+--------+--------+--------+-----+--------+

Top non-repeatable levels by time:
     D:5: 1421 daAuts
     D:4: 1194 daAuts
     D:2: 987 daAuts
     D:3: 941 daAuts
     D:1: 744 daAuts
     D:6: 215 daAuts
  Temple: 203 daAuts
